 Dungeon Crawl Stone Soup version 0.18.1-8-gdd0e5ea (webtiles) character file.

141739 Jerry the Bludgeoner (level 16, -7/139 HPs)
             Began as a Minotaur Fighter on May 24, 2016.
             Was the Champion of Pakellas.
             Shot with a bolt by a yaktaur captain (23 damage)
             ... on level 1 of the Depths on May 25, 2016.
             The game lasted 03:13:04 (33390 turns).

Jerry the Bludgeoner (Minotaur Fighter)            Turns: 33390, Time: 03:13:04

Health: -7/139     AC: 23    Str: 28    XL:     16   Next: 78%
Magic:  25/25      EV: 10    Int:  5    God:    Pakellas [******]
Gold:   2889       SH: 21    Dex: 10    Spells: 0 memorised, 15 levels left

rFire  . . .     SeeInvis .     a - +9 demon whip (freeze)
rCold  . . .     Gourm    .     o - +2 scale mail of Yredelemnul's Favour {rPois}
rNeg   . . .     Faith    .     c - +1 shield
rPois  +         Spirit   .     (helmet restricted)
rElec  .         Dismiss  .     h - +0 cloak
rCorr  .         Reflect  +     q - +0 pair of gloves
SustAt .         Harm     .     B - +0 pair of boots
MR     ++...                    I - +6 amulet of reflection
Stlth  ..........               Y - +5 ring of protection
                                L - ring of protection from magic

@: very resistant to hostile enchantments, extremely unstealthy
A: retaliatory headbutt, horns 2
a: Quick Charge, Device Surge, Supercharge, Renounce Religion


You were on level 1 of the Depths.
You worshipped Pakellas.
Pakellas was exalted by your worship.
You were hungry.

You visited 6 branches of the dungeon, and saw 28 of its levels.
You also visited: Bailey and Ice Cave.

You collected 3159 gold pieces.
You spent 270 gold pieces at shops.

Inventory:

Hand Weapons
 a - a +9 demon whip of freezing (weapon)
Armour
 c - a +1 shield (worn)
 h - a +0 cloak (worn)
 o - the +2 scale mail of Yredelemnul's Favour (worn) {rPois}
   (You bought it in a shop on level 2 of the Orcish Mines)

   It protects you from poison.
 q - a +0 pair of gloves (worn)
 B - a +0 pair of boots (worn)
Rods
 i - a +3 rod of shadows (4/13)
   (Pakellas gifted it to you on level 10 of the Dungeon)
Jewellery
 I - a +6 amulet of reflection (around neck)
 L - a ring of protection from magic (left hand)
 R - an uncursed ring of positive energy {unknown}
 V - a cursed -2 ring of evasion {unknown}
 Y - a +5 ring of protection (right hand)
Wands
 v - a wand of confusion (16/48)
 D - a wand of paralysis (18/24)
 Q - a wand of enslavement (22/24)
Scrolls
 d - 11 scrolls of remove curse
 k - 4 scrolls of teleportation
 l - 6 scrolls of magic mapping
 n - 2 scrolls of identify
 y - 2 scrolls of immolation {unknown}
 A - 4 scrolls of enchant armour
 C - a scroll of torment {unknown}
 H - a scroll of amnesia
 J - 4 scrolls of summoning
 K - 2 scrolls of enchant weapon
 M - a scroll of recharging
Potions
 e - 2 potions of agility
 m - a potion of haste
 p - 23 potions of magic
 u - 3 potions of flight
 w - 2 potions of invisibility {unknown}
 x - a potion of resistance {unknown}
 z - 12 potions of curing
 G - a potion of berserk rage
 P - 4 potions of cure mutation
 Z - 3 potions of might
Books
 O - a book of Fire

   Spells                             Type                      Level
   a - Ignite Poison                  Fire/Transmutation/Poison    3
   b - Fireball                       Conjuration/Fire             5
   c - Bolt of Fire                   Conjuration/Fire             6
   d - Delayed Fireball               Conjuration/Fire             7
   e - Ring of Flames                 Charms/Fire                  7
Miscellaneous
 b - a sack of spiders
 g - a fan of gales
 t - a phial of floods
 F - a box of beasts {used: 1}
 T - a stone of tremors
 W - a lamp of fire
Comestibles
 f - 16 bread rations
 j - 5 slices of pizza
 r - 10 meat rations
 s - 12 beef jerkies
 E - a royal jelly
 N - 17 fruits


   Skills:
 + Level 11.7 Fighting
 + Level 17.9 Maces & Flails
 + Level 17.4 Armour
 - Level 15.0 Shields
 + Level 13.8 Evocations


You had 15 spell levels left.
You didn't know any spells.

Dungeon Overview and Level Annotations

Branches:
Dungeon (15/15)            Temple (1/1) D:4            Lair (8/8) D:8
  Swamp (0/4) Lair:5       Spider (1/4) Lair:3        Slime (0/6) Lair:7
    Orc (2/2) D:10            Elf (0/3) Orc:2        Vaults (0/5) D:14
 Depths (1/5) D:15

Altars:
Ashenzari
Cheibriados
Dithmenos
Elyvilon
Fedhas
Gozag
Kikubaaqudgha
Makhleb
Nemelex Xobeh
Okawaru
Pakellas
Qazlal
Ru
Sif Muna
Trog
Vehumet
Xom
Yredelemnul
Zin
The Shining One

Shops:
Orc:2 [(=%

Portals:
Pandemonium: Depths:1
Trove: D:12 (give wand of hasting (9))

Annotations:
D:4 1 runed door
Depths:1 1 runed door


Innate Abilities, Weirdness & Mutations

You reflexively headbutt those who attack you in melee.
You have a pair of horns on your head.


Message History

The tengu conjurer gestures at you while chanting.
The zap hits you!
* * * LOW HITPOINT WARNING * * *
The yaktaur captain wields an arbalest.
The yaktaur captain shoots a bolt.
The bolt hits your redback!!
Your redback dies!
Your redback's corpse dissolves into shadows!
A hell hound comes into view.
What do you say? t - Shout!
Orders for allies: a - Attack new target. r - Retreat! s - Stop attacking. w - Wait here. f - Follow me.
Anything else - Stay silent.
Gang up on whom?
Press: ? - help, Dir - move target cursor, f - yaktaur captain
Aim: a yaktaur captain, wielding an arbalest Attack!
The yaktaur captain shoots a bolt.
The bolt hits you!!
You die...
Pakellas says: That's one more possible approach eliminated.

.. .... ...#...
## ...#..h.##..
.# ....... ...#
#Q# ....)..
...#... ......c
...#.#
......(##....#
......D@#....#.#
...............#
...##..........#
. ##.....##....
#.....# ..
#.%.....
..........
######......
#......#


You could see a yaktaur captain, a hell hound and a friendly fire dragon.

Vanquished Creatures
  Mara (Depths:1)
  Rupert (Lair:3)
  A frost giant (IceCv)
  A stone giant (Depths:1)
  A vampire knight (Depths:1)
  A salamander stormcaller (D:14)
  An ettin (Depths:1)
  A great orb of eyes (Depths:1)
  2 fire dragons
  A vault guard (D:12)
  2 yaktaur captains
  An entropy weaver (Depths:1)
  An ice dragon (Depths:1)
  The ghost of Sokar the Bludgeoner, a journeyman DgFi (IceCv)
  2 rakshasas (Depths:1)
  The ghost of blejac99 the Unseen, a journeyman FeMo of Dithmenos (D:12)
  A catoblepas (Lair:4)
  10 hydras
  8 centaur warriors
  A death knight (D:13)
  2 ogre magi (Depths:1)
  13 death yaks
  3 tengu warriors
  4 orc high priests (Orc:2)
  Nergalle (D:11)
  7 skeletal warriors
  The ghost of GFox the Skirmisher, a novice VSMo of Ashenzari (Orc:1)
  A deep troll (D:15)
  A storm dragon skeleton (Depths:1)
  9 hill giants
  2 unseen horrors (D:14)
  A lindwurm (Lair:8)
  Pikel (D:5)
  A necromancer (Depths:1)
  A wizard (Depths:1)
  9 griffons
  3 orc knights
  4 deep elf magi
  An oklob plant (Lair:3)
  A manticore (shapeshifter) (D:14)
  An orc sorcerer (Orc:2)
  A salamander (shapeshifter) (Depths:1)
  4 ugly things
  2 wolf spiders
  A hornet (shapeshifter) (D:14)
  A frost giant zombie (Depths:1)
  4 cyclopes
  A manticore (D:14)
  The ghost of Zeloya the Cruncher, a novice KoGl (D:6)
  4 black mambas
  8 elephants
  An ice statue (IceCv)
  5 torpor snails (Lair:8)
  2 gargoyles
  13 spiny frogs
  11 rime drakes
  4 yaktaurs (Depths:1)
  10 komodo dragons
  4 freezing wraiths
  An efreet (D:14)
  A merfolk (shapeshifter) (Depths:1)
  A jumping spider (Lair:3)
  5 trolls
  11 polar bears (IceCv)
  A wind drake (shapeshifter) (D:13)
  5 two-headed ogres
  7 giant leeches (Lair:8)
  A blink frog (shapeshifter) (D:14)
  The ghost of euphoricsektor the Grave Robber, an amateur DsNe (D:5)
  23 blink frogs
  A boulder beetle (Orc:1)
  13 slime creatures
  2 water elementals (Depths:1)
  Sigmund (D:5)
  6 wyverns
  2 wraiths
  A redback (Depths:1)
  55 yaks
  5 basilisks
  22 hippogriffs
  3 hungry ghosts
  A spriggan simulacrum (Depths:1)
  3 vampire mosquitoes (D:14)
  A mottled dragon (D:14)
  4 wargs (Orc:2)
  18 water moccasins
  A soldier ant (shapeshifter) (D:15)
  8 porcupines
  7 hell hounds (Depths:1)
  26 orc warriors
  A slave (D:5)
  3 eyes of draining
  13 ice beasts
  5 wasps
  7 sky beasts
  A black bear (Lair:8)
  30 wolves
  2 phantoms
  16 ogres
  13 centaurs
  18 crocodiles
  A big kobold (D:10)
  23 giant frogs
  A wyvern skeleton (D:7)
  4 scorpions
  9 killer bees
  20 wights
  An electric eel (Lair:5)
  6 crimson imps
  2 centaur zombies
  A giant frog zombie (D:12)
  8 hounds
  A wasp zombie (D:7)
  A giant frog skeleton (D:11)
  26 orc wizards
  25 orc priests
  A centaur skeleton (D:4)
  4 jellies
  9 iguanas
  7 worker ants
  33 sheep
  A hound zombie (D:7)
  A howler monkey zombie (D:5)
  A worker ant zombie (D:6)
  84 river rats
  18 adders
  5 gnolls
  3 shadow imps
  An ooze (D:4)
  2 adder skeletons
  20 worms
  3 dart slugs
  5 giant geckos
  89 orcs
  4 giant cockroaches
  8 goblins
  6 hobgoblins
  6 jackals
  6 quokkas
  A ball python (D:5)
  19 bats
  7 giant newts
  11 kobolds
  19 rats
1032 creatures vanquished.

Vanquished Creatures (collateral kills)
  A hydra (D:15)
  A tengu warrior (Depths:1)
  2 skeletal warriors
  A komodo dragon (D:15)
  A wyvern (D:15)
  An orc warrior (Bailey)
  An orc (Bailey)
8 creatures vanquished.

Vanquished Creatures (others)
  A yaktaur (Depths:1)
  4 polar bears (IceCv)
  3 centaurs
  An orc (Orc:1)
  20 fungi
  12 plants (Lair:8)
41 creatures vanquished.

Grand Total: 1081 creatures vanquished

Notes
Turn   | Place    | Note
--------------------------------------------------------------
     0 | D:1      | Jerry the Minotaur Fighter began the quest for the Orb.
     0 | D:1      | Reached XP level 1. HP: 19/19 MP: 0/0
    88 | D:1      | Reached XP level 2. HP: 23/26 MP: 1/1
   687 | D:1      | Reached XP level 3. HP: 31/31 MP: 2/2
   956 | D:2      | Found a faded altar to an unknown god.
  1084 | D:2      | Reached XP level 4. HP: 37/39 MP: 3/3
  1312 | D:2      | Found a stormy altar of Qazlal.
  1741 | D:3      | Found a shimmering altar of Xom.
  2061 | D:3      | Reached skill level 5 in Shields
  2254 | D:4      | Reached skill level 5 in Armour
  2429 | D:4      | Reached XP level 5. HP: 45/45 MP: 4/4
  2478 | D:4      | Noticed a centaur
  2478 | D:4      | Noticed a phantom
  2780 | D:4      | Killed a centaur
  2780 | D:4      | Reached skill level 5 in Maces & Flails
  2787 | D:4      | Reached XP level 6. HP: 17/51 MP: 5/5
  3118 | D:4      | Found a staircase to the Ecumenical Temple.
  3127 | Temple   | Entered the Ecumenical Temple
  3194 | Temple   | Became a worshipper of Pakellas the Inventive
  3515 | D:4      | Found a glowing golden altar of the Shining One.
  3516 | D:4      | Found a runed door.
  3516 | D:4      | Noticed an angel
  3527 | D:4      | Reached XP level 7. HP: 40/57 MP: 6/6
  4289 | D:4      | Reached skill level 1 in Evocations
  4304 | D:5      | Entered Level 5 of the Dungeon
  4495 | D:5      | Noticed Sigmund
  4509 | D:5      | Killed Sigmund
  4585 | D:5      | Noticed euphoricsektor's ghost (amateur DsNe)
  4601 | D:5      | Killed euphoricsektor's ghost
  4601 | D:5      | Reached XP level 8. HP: 13/64 MP: 7/9
  4607 | D:5      | HP: 4/96 [poisoned by euphoricsektor's ghost]
  4609 | D:5      | HP: 1/64 [poisoned by euphoricsektor's ghost]
  5298 | D:5      | Noticed Pikel
  5325 | D:5      | Killed Pikel
  5325 | D:5      | Reached skill level 10 in Maces & Flails
  5695 | D:6      | Reached skill level 5 in Evocations
  5699 | D:6      | Noticed Zeloya's ghost (novice KoGl)
  5723 | D:6      | Killed Zeloya's ghost
  5723 | D:6      | Reached * piety under Pakellas
  5723 | D:6      | Received a gift from Pakellas
  5723 | D:6      | Reached XP level 9. HP: 37/70 MP: 11/11
  6120 | D:6      | Found a bloodstained altar of Trog.
  6121 | D:6      | Found a burning altar of Makhleb.
  6769 | D:6      | Found a snail-covered altar of Cheibriados.
  7223 | D:7      | Reached ** piety under Pakellas
  7223 | D:7      | Received a gift from Pakellas
  8451 | D:8      | Reached *** piety under Pakellas
  8451 | D:8      | Received a gift from Pakellas
  8453 | D:8      | Reached XP level 10. HP: 77/77 MP: 13/13
  8488 | D:8      | Found a staircase to the Lair.
  9160 | D:9      | Noticed a seven-headed hydra
  9176 | D:9      | Killed a seven-headed hydra
  9244 | D:9      | Reached **** piety under Pakellas
  9244 | D:9      | Received a gift from Pakellas
  9266 | D:9      | Found an opulent altar of Gozag.
  9416 | D:9      | Found a shimmering altar of Xom.
  9656 | D:10     | Entered Level 10 of the Dungeon
  9656 | D:10     | Found a staircase to the Orcish Mines.
  9782 | D:10     | Noticed a skeletal warrior
  9783 | D:10     | Noticed a skeletal warrior
  9784 | D:10     | Noticed a skeletal warrior
  9794 | D:10     | Killed a skeletal warrior
  9811 | D:10     | Killed a skeletal warrior
  9819 | D:10     | Noticed a skeletal warrior
  9819 | D:10     | Noticed a skeletal warrior
  9921 | D:10     | Killed a skeletal warrior
  9921 | D:10     | Reached XP level 11. HP: 66/82 MP: 15/15
  9930 | D:10     | Killed a skeletal warrior
  9951 | D:10     | Killed a skeletal warrior
 10330 | D:10     | Reached skill level 10 in Shields
 10342 | D:10     | Noticed a hill giant
 10365 | D:10     | Killed a hill giant
 10365 | D:10     | Reached skill level 10 in Armour
 10440 | D:10     | Noticed a hill giant
 10449 | D:10     | Killed a hill giant
 10683 | D:10     | Reached ***** piety under Pakellas
 10683 | D:10     | Received a gift from Pakellas
 10822 | D:10     | Noticed a hill giant
 10828 | D:10     | Killed a hill giant
 11364 | D:11     | Found an ancient bone altar of Kikubaaqudgha.
 11448 | D:11     | Noticed Nergalle
 11466 | D:11     | Killed Nergalle
 11833 | D:11     | Noticed a brown ugly thing
 11843 | D:11     | Killed a brown ugly thing
 11944 | Lair:1   | Entered Level 1 of the Lair of Beasts
 12852 | Lair:2   | Reached XP level 12. HP: 84/90 MP: 17/17
 13181 | Lair:2   | Noticed a four-headed hydra
 13191 | Lair:2   | Killed a four-headed hydra
 13271 | Lair:2   | Noticed a six-headed hydra
 13285 | Lair:2   | Killed a six-headed hydra
 13882 | Lair:3   | Reached ****** piety under Pakellas
 14201 | Lair:3   | Noticed an eight-headed hydra
 14211 | Lair:3   | Killed an eight-headed hydra
 14329 | Lair:3   | Found a hole to the Spider Nest.
 14565 | Lair:3   | Found a burning altar of Makhleb.
 14799 | Lair:3   | Noticed Rupert
 14816 | Lair:3   | Killed Rupert
 14816 | Lair:3   | Reached skill level 10 in Evocations
 15164 | Lair:4   | Identified a scroll of acquirement
 15222 | Lair:4   | Noticed a catoblepas
 15252 | Lair:4   | Killed a catoblepas
 15252 | Lair:4   | Reached XP level 13. HP: 50/96 MP: 19/19
 15965 | Lair:4   | Reached skill level 5 in Fighting
 16444 | Lair:4   | Reached skill level 15 in Maces & Flails
 16881 | Lair:5   | Found a staircase to the Swamp.
 17759 | Lair:6   | Found an oddly glowing altar of Pakellas.
 18768 | Lair:6   | You fall through a shaft for 2 floors!
 18768 | Lair:8   | Entered Level 8 of the Lair of Beasts
 19137 | Lair:7   | Reached XP level 14. HP: 113/114 MP: 20/20
 19286 | Lair:7   | Found a staircase to the Slime Pits.
 20884 | Lair:8   | Found a runed door.
 21666 | Lair:8   | Reached skill level 15 in Shields
 22015 | Lair:8   | Identified a +3 rod of shadows (13/13) (Pakellas gifted it to you on level 10 of the Dungeon)
 22458 | Orc:1    | Entered Level 1 of the Orcish Mines
 22711 | Orc:1    | Noticed GFox's ghost (novice VSMo)
 22721 | Orc:1    | Killed GFox's ghost
 22721 | Orc:1    | Reached skill level 10 in Fighting
 22737 | Orc:1    | Found a flagged portal.
 22753 | Bailey   | Entered a bailey
 23524 | Orc:2    | Entered Level 2 of the Orcish Mines
 23612 | Orc:2    | Found a staircase to the Elven Halls.
 23720 | Orc:2    | Found a frozen archway.
 23837 | IceCv    | Entered an ice cave
 24503 | IceCv    | Reached XP level 15. HP: 126/126 MP: 22/22
 24628 | IceCv    | Reached skill level 15 in Armour
 24681 | IceCv    | Noticed Sokar's ghost (journeyman DgFi)
 24703 | IceCv    | Killed Sokar's ghost
 24744 | IceCv    | Noticed a frost giant
 25632 | IceCv    | Killed a frost giant
 26506 | Orc:2    | Got a bloodstained mace {drain}
 26568 | Orc:2    | Found Vaam's Antique Armour Shoppe.
 26568 | Orc:2    | Found Loaplus's Jewellery Emporium.
 26569 | Orc:2    | Found Vory's Food Emporium.
 26572 | Orc:2    | Found Ihuoloc's Weapon Shoppe.
 26575 | Orc:2    | Bought a steaming scale mail for 270 gold pieces
 26588 | Orc:2    | Identified the +2 scale mail of Yredelemnul's Favour {rPois} (You bought it in a shop on level 2 of the Orcish Mines)
 26589 | Orc:2    | Identified the +4 mace of Corruption {drain, *Confuse rC+ Str+3 Int+9} (You took it off an orc priest on level 2 of the Orcish Mines)
 27067 | Spider:1 | Entered Level 1 of the Spider Nest
 27603 | D:12     | Noticed blejac99's ghost (journeyman FeMo)
 27683 | D:12     | Killed blejac99's ghost
 28488 | D:12     | Found a portal to a secret trove of treasure.
 29957 | D:14     | Found a gate to the Vaults.
 30033 | D:14     | Reached XP level 16. HP: 118/134 MP: 24/24
 30688 | D:15     | Entered Level 15 of the Dungeon
 30848 | D:15     | Found a staircase to the Depths.
 31070 | D:15     | Found a shadowy altar of Dithmenos.
 31765 | Depths:1 | Entered Level 1 of the Depths
 32042 | Depths:1 | Found a runed door.
 32287 | Depths:1 | Noticed Mara
 32302 | Depths:1 | Noticed Jerry's illusion
 32603 | Depths:1 | Noticed Jerry's illusion
 32610 | Depths:1 | Killed Mara
 32973 | Depths:1 | Found a one-way gate leading to the halls of Pandemonium.
 33390 | Depths:1 | Shot with a bolt by a yaktaur captain

Skill      XL: |  1  2  3  4  5  6  7  8  9 10 11 12 13 14 15 16 |
---------------+-------------------------------------------------+-----
Armour         | 4 5 6 7 9 11 12 13 14 16 17 | 17.4
Maces & Flails | 3 5 7 9 10 11 12 13 14 15 17 | 17.9
Shields        | 4 5 7 9 11 12 14 15 | 15.0
Evocations     | 3 5 6 7 8 10 11 13 | 13.8
Fighting       | 7 10 11 | 11.7

Action                   |  1- 3 |  4- 6 |  7- 9 | 10-12 | 13-15 | 16-18 || total
-------------------------+-------+-------+-------+-------+-------+-------++-------
Melee: Flail             |    70 |   119 |    85 |       |       |       ||   274
       Headbutt          |     8 |    19 |    45 |   202 |   439 |    91 ||   804
       Whip              |       |       |   251 |   465 |       |       ||   716
       Morningstar       |       |       |       |   442 |       |       ||   442
       Demon whip        |       |       |       |    22 |  1984 |   395 ||  2401
 Fire: Hunting sling     |    13 |       |       |       |       |       ||    13
Throw: Stone             |       |     3 |     3 |       |       |       ||     6
       Tomahawk          |       |       |     1 |       |       |       ||     1
Invok: Device Surge      |       |       |       |     2 |     5 |       ||     7
       Quick Charge      |       |       |       |     1 |     9 |     1 ||    11
Evoke: Wand              |       |       |       |    51 |    43 |     2 ||    96
       Box of beasts     |       |       |       |     1 |       |       ||     1
       Disc of storms    |       |       |       |     4 |       |       ||     4
       Rod               |       |       |       |       |     7 |     5 ||    12
       Phial of floods   |       |       |       |       |       |     2 ||     2
       Fan of gales      |       |       |       |       |       |     1 ||     1
       Lamp of fire      |       |       |       |       |       |     1 ||     1
  Use: Scroll            |       |       |    10 |     8 |    22 |     1 ||    41
       Potion            |       |       |     4 |     3 |    10 |     1 ||    18
 Stab: Confused          |       |       |       |    11 |     2 |       ||    13
       Paralysed         |       |       |       |    18 |    25 |       ||    43
  Eat: Chunk             |       |     5 |    18 |    21 |    48 |    11 ||   103
       Beef jerky        |       |     1 |       |       |       |       ||     1
       Fruit             |       |       |       |     1 |     6 |       ||     7
Armor: Scale mail        |    40 |    34 |    86 |     3 |    92 |    88 ||   343
       Plate armour      |       |       |       |   311 |   370 |       ||   681
Dodge: Dodged            |    32 |    40 |    59 |   120 |   254 |    37 ||   542
Block: Shield            |    37 |    64 |   124 |   459 |  1121 |   217 ||  2022
       Reflection        |       |       |       |       |    42 |    21 ||    63
